General information
- name: BNet
- type: Ladder team game (AT/RT)
- host: Battle.net
- saver: IFukedYourMom
map: GnollWood
- players: 4
- length: 11:07
- speed: Fast
- version: 1.26 W3XP
- replay type: Public
» download(69 KB)
Players
team 1 (loser)
IFukedYourGurl (
green | 164 APM | 1828 actions | 11:07)
2 Blademaster
1 Wind Walk
1 Critical Strike
1 Shadow Hunter
1 Healing Wave
» actions
| Assign group hotkey | 20 | |
| Basic commands | 170 | |
| Build / train | 41 | |
| Enter build submenu | 12 | |
| Enter hero's abilities submenu | 3 | |
| Right click | 505 | |
| Select / deselect | 130 | |
| Select group hotkey | 903 | |
| Use ability | 43 | |
1828 total
» units
» upgrades
| Pillage | 1 | |
| Berserker Strength | 1 | |
| Ensnare | 1 | |
3 total
» buildings
| Altar of Storms | 1 | |
| Orc Burrow | 5 | |
| Barracks | 1 | |
| Stronghold | 2 | |
| Voodoo Lounge | 1 | |
| Beastiary | 1 | |
| Fortress | 1 | |
| War Mill | 1 | |
| Spirit Lodge | 1 | |
14 total
» build order
00:06 Altar of Storms
00:23 Orc Burrow
00:38 Barracks
01:46 Orc Burrow
03:02 Stronghold
03:03 Stronghold
03:25 Voodoo Lounge
04:10 Orc Burrow
05:17 Orc Burrow
07:08 Beastiary
08:01 Fortress
09:49 Orc Burrow
10:25 War Mill
10:30 Spirit Lodge
» items
| Healing Salve | 2 | |
| Lesser Clarity Potion | 2 | |
| Scroll of Speed | 1 | |
5 total
IFukedYourMom (
orange | 131 APM | 1454 actions | 11:07)
2 Death Knight
1 Death Coil
1 Unholy Aura
1 Dark Ranger
1 Silence
1 Pit Lord
1 Howl of Terror
» actions
| Assign group hotkey | 52 | |
| Basic commands | 56 | |
| Build / train | 48 | |
| ESC pressed | 1 | |
| Enter build submenu | 9 | |
| Enter hero's abilities submenu | 4 | |
| Give item / drop item | 4 | |
| Right click | 431 | |
| Select / deselect | 153 | |
| Select group hotkey | 657 | |
| Use ability | 39 | |
1454 total
» units
| Acolyte | 2 | |
| Ghoul | 5 | |
| Crypt Fiend | 16 | |
23 total
» upgrades
» buildings
| Graveyard | 1 | |
| Crypt | 2 | |
| Altar of Darkness | 1 | |
| Ziggurat | 4 | |
| Tomb of Relics | 1 | |
| Nerubian Tower | 1 | |
| Halls of the Dead | 1 | |
| Black Citadel | 1 | |
12 total
» build order
00:13 Graveyard
00:19 Crypt
00:44 Altar of Darkness
01:01 Ziggurat
01:52 Tomb of Relics
02:08 Ziggurat
04:17 Nerubian Tower
04:53 Halls of the Dead
05:10 Ziggurat
07:32 Black Citadel
09:23 Crypt
09:52 Ziggurat
» items
| Rod of Necromancy | 1 | |
| Sacrificial Skull | 3 | |
4 total
team 2 (winner)

»
seekay (
teal | 84 APM | 939 actions | 11:07)
3 Death Knight
2 Death Coil
1 Unholy Aura
1 Lich
1 Frost Nova
» actions
| Assign group hotkey | 12 | |
| Basic commands | 85 | |
| Build / train | 35 | |
| Enter build submenu | 16 | |
| Enter hero's abilities submenu | 5 | |
| Right click | 484 | |
| Select / deselect | 177 | |
| Select group hotkey | 88 | |
| Use ability | 37 | |
939 total
» units
| Acolyte | 5 | |
| Ghoul | 4 | |
| Crypt Fiend | 13 | |
22 total
» upgrades
| Creature Attack | 2 | |
| Web | 1 | |
| Creature Carapace | 1 | |
4 total
» buildings
| Crypt | 1 | |
| Ziggurat | 6 | |
| Graveyard | 1 | |
| Altar of Darkness | 1 | |
| Tomb of Relics | 1 | |
| Nerubian Tower | 1 | |
| Halls of the Dead | 1 | |
| Slaughterhouse | 1 | |
13 total
» build order
00:09 Crypt
00:12 Ziggurat
00:30 Graveyard
01:01 Altar of Darkness
01:43 Tomb of Relics
02:27 Ziggurat
02:44 Nerubian Tower
03:57 Ziggurat
05:19 Halls of the Dead
05:40 Ziggurat
08:16 Slaughterhouse
09:54 Ziggurat
09:55 Ziggurat
» items

»
VERYSTRONGBACK (
purple | 130 APM | 1451 actions | 11:07)
4 Far Seer
2 Feral Spirit
2 Chain Lighting
3 Tauren Chieftain
2 War Stomp
1 Endurance Aura
» actions
| Assign group hotkey | 62 | |
| Basic commands | 89 | |
| Build / train | 60 | |
| ESC pressed | 5 | |
| Enter build submenu | 15 | |
| Enter hero's abilities submenu | 7 | |
| Remove unit from queue | 4 | |
| Right click | 736 | |
| Select / deselect | 212 | |
| Select group hotkey | 191 | |
| Use ability | 70 | |
1451 total
» units
| Peon | 7 | |
| Troll Headhunter/Berserker | 9 | |
| Forest Troll Shadow Priest | 1 | |
| Forest Troll Berserker | 7 | |
| Kodo Beast | 2 | |
26 total
» upgrades
| Ranged Weapons | 2 | |
| Berserker Upgrade | 1 | |
| War Drums Damage Increase | 1 | |
4 total
» buildings
| Altar of Storms | 1 | |
| Orc Burrow | 7 | |
| Barracks | 1 | |
| War Mill | 1 | |
| Voodoo Lounge | 1 | |
| Stronghold | 2 | |
| Fortress | 2 | |
| Beastiary | 1 | |
| Great Hall | 1 | |
17 total
» build order
00:13 Altar of Storms
00:19 Orc Burrow
01:18 Barracks
01:37 War Mill
01:54 Orc Burrow
02:04 Voodoo Lounge
02:45 Stronghold
02:45 Stronghold
03:24 Orc Burrow
06:54 Fortress
06:55 Fortress
07:04 Beastiary
07:24 Orc Burrow
08:11 Orc Burrow
08:20 Orc Burrow
09:54 Orc Burrow
10:27 Great Hall
» items
| Boots of Speed | 1 | |
| Healing Salve | 5 | |
| Lesser Clarity Potion | 1 | |
| Dust of Appearance | 1 | |
8 total
Chat log
(00:12 / Allies) IFukedYourGurl: i stopped wearing air force 1s
(00:18 / Allies) IFukedYourGurl: like 10 yrs ago lol
(00:25 / Allies) IFukedYourMom: they go with mad shit
(00:43 / Allies) IFukedYourGurl: not my style
(00:48 / Allies) IFukedYourMom: not mad
(00:58 / Allies) IFukedYourGurl: y u mad tho
(00:58 / Allies) IFukedYourGurl: lol
(01:03 / Allies) IFukedYourMom: lol
(01:07 / All) IFukedYourMom: u mirin
(01:19 / All) seekay: mirin ?
(01:20 / All) VERYSTRONGBACK: ujelly
(01:32 / All) IFukedYourGurl: zyzz brah here
(03:39 / Allies) IFukedYourGurl: FUCK
(05:50 / Allies) IFukedYourGurl: fuuuuu
(06:43 / Allies) IFukedYourMom: yeesh
(06:44 / Allies) IFukedYourMom: gg
(06:48 / Allies) IFukedYourGurl: ..
(09:07 / Allies) IFukedYourGurl: wtf
(09:25 / All) VERYSTRONGBACK: u mirin